Monarchs vs Remparts
Created - 8 avril 2016 at 18:59
Goals
|
| Monarchs |
0 |
2 |
0 |
0 |
2 |
| Remparts |
0 |
2 |
0 |
1 |
3 |
|
Shots
|
| Monarchs |
3 |
10 |
8 |
0 |
21 |
| Remparts |
12 |
15 |
8 |
2 |
37 |
|
1st period
No Goal
Penalties :
No Penalty
2nd period
1. Remparts , Cédric Lalonde-McNicoll 13 (Erik Gudbranson, Pasi Salonen) at 7:06 (PP)
2. Monarchs , Justin Williams 45 (Brandon Sutter) at 7:17
3. Monarchs , John Zeiler 24 (Theo Peckham, Alec Martinez) at 12:57
4. Remparts , Cédric Lalonde-McNicoll 14 (Rico Fata, Keith Ballard) at 18:31
Penalties :
Justin Williams (MAN) for Diving (Minor) at 6:33, Radko Gudas (MAN) for Hooking (Minor) at 9:19, Rico Fata (Que) for Holding Stick (Minor) at 15:06, Radko Gudas (MAN) for Interference (Minor) at 18:34
3rd period
No Goal
Penalties :
Radko Gudas (MAN) for Roughing (Double Minor) at 5:35, Radko Gudas (MAN) for Roughing (Minor) at 13:20, Tyler Toffoli (MAN) for Hooking (Minor) at 16:14
Overtime #1
5. Remparts , Guillaume Desbiens 39 (Jonathan Matsumoto, Erik Gudbranson) at 0:57
Penalties :
No Penalty
Goalie Stats
Ben Bishop (MAN), 34 saves from 37 shots - (0,919), OTL, 5-4-2, 60:57 minutes
Keith Kinkaid (Que), 19 saves from 21 shots - (0,905), W, 29-16-4, 60:57 minutes
Players Stats for Monarchs
Player Name G A P +/- PIM S H SB GA TA FO MP PP MP PK MP
------------------------------------------------------------------------------------
Alec Martinez 0 1 1 2 0 2 1 1 0 0 0/0 20:44 0:00 6:52
Andy Greene 0 0 0 0 0 0 0 0 0 0 0/0 7:14 0:54 0:26
Brandon Sutter 0 1 1 1 0 2 2 0 1 0 9/20 18:56 1:05 3:49
Chris Dingman 0 0 0 -1 0 3 2 0 0 1 0/1 19:21 1:05 6:26
Jay Beagle 0 0 0 0 0 2 1 1 0 1 1/2 13:34 0:00 2:40
John Zeiler 1 0 1 0 0 1 0 0 0 0 0/0 7:41 0:54 0:00
Justin Williams 1 0 1 0 2 1 0 2 3 0 4/9 21:47 1:05 5:50
Kris Russell 0 0 0 0 0 0 0 0 0 0 0/0 8:08 0:00 0:00
Kyle Clifford 0 0 0 1 0 1 2 1 2 0 0/1 16:19 0:00 2:29
Mason Raymond 0 0 0 0 0 2 2 0 1 0 0/1 11:10 0:54 3:12
Matt Martin 0 0 0 0 0 0 3 0 0 0 0/0 13:51 0:00 0:00
Matt Tennyson 0 0 0 0 0 0 1 0 0 0 0/0 7:52 0:00 1:53
Radko Gudas 0 0 0 -1 10 0 2 2 2 0 0/0 20:07 1:05 0:51
Randy Robitaille 0 0 0 0 0 2 0 1 1 1 6/12 14:32 0:54 0:00
Theo Peckham 0 1 1 1 0 5 1 3 0 0 0/0 21:41 0:00 6:52
Tom Gilbert 0 0 0 -2 0 0 0 2 1 1 0/0 24:17 1:05 4:36
Tyler Toffoli 0 0 0 0 2 0 0 0 0 1 4/8 10:43 0:00 0:30
Yannick Weber 0 0 0 0 0 0 1 0 0 1 0/0 12:28 0:54 3:26
Zac Rinaldo 0 0 0 0 0 0 0 0 0 1 0/2 6:47 0:00 0:00
Zack Kassian 0 0 0 0 0 0 1 1 0 0 1/1 14:02 0:00 0:00
Players Stats for Remparts
Player Name G A P +/- PIM S H SB GA TA FO MP PP MP PK MP
------------------------------------------------------------------------------------
Brandon Gormley 0 0 0 -1 0 0 0 2 0 0 0/0 11:51 0:44 0:00
Cédric Lalonde-McNicoll 2 0 2 1 0 3 0 0 0 2 6/14 16:37 5:01 0:00
Chris Mueller 0 0 0 0 0 0 0 0 0 0 1/1 9:31 0:00 0:29
Erik Gudbranson 0 2 2 0 0 0 1 2 1 0 0/0 27:19 6:12 0:46
Geordie Wudrick 0 0 0 -1 0 0 0 0 0 0 0/0 8:46 0:47 0:00
Guillaume Desbiens 1 0 1 0 0 6 4 0 1 2 2/4 22:32 6:07 0:00
Janne Niskala 0 0 0 1 0 4 0 3 1 0 0/0 20:38 5:32 0:00
Jarod Palmer 0 0 0 0 0 1 0 0 2 0 6/9 11:03 0:00 1:30
Johannes Salmonsson 0 0 0 0 0 2 1 1 0 0 0/0 13:17 1:22 1:30
Jonathan Cheechoo 0 0 0 -1 0 5 1 1 2 0 0/0 10:16 1:20 0:00
Jonathan Matsumoto 0 1 1 0 0 4 3 0 0 1 14/24 22:31 6:12 0:00
Keith Ballard 0 1 1 1 0 1 1 1 0 1 0/0 21:47 5:32 1:13
Max Reinhart 0 0 0 -1 0 2 0 0 0 1 1/1 9:21 0:25 0:00
Oliver Ekman-Larsson 0 0 0 0 0 2 5 2 0 1 0/0 27:15 6:12 1:13
Pasi Salonen 0 1 1 -1 0 4 3 0 0 1 2/3 21:52 6:08 0:00
Petr Straka 0 0 0 1 0 0 2 0 0 0 0/0 17:02 5:01 0:29
Rico Fata 0 1 1 1 2 2 0 1 0 1 0/1 17:02 5:01 0:00
William Colbert 0 0 0 -1 0 1 0 4 0 1 0/0 13:08 0:44 0:46
3 Stars
1 - Cédric Lalonde-McNicoll (Que)
2 - Guillaume Desbiens (Que)
3 - Erik Gudbranson (Que)
Power Play
Monarchs - 0 on 1 Attempt(s) - 0,00%
Remparts - 1 on 7 Attempt(s) - 14,29%
Penalty Kill
Monarchs - 6 on 7 Attempt(s) - 85,71%
- Score 0 goal in Penalty Kill
Remparts - 1 on 1 Attempt(s) - 100,00%
- Score 0 goal in Penalty Kill
Team Stat
Monarchs - Hits : 19 - Faceoff Wins : 25 - Blocked Shots : 14 - Penalty Minutes : 14
Remparts - Hits : 21 - Faceoff Wins : 32 - Blocked Shots : 17 - Penalty Minutes : 2
Official
Referees : Pochmara Brian and Auger Stephane
Linesman : Tony Sericolo and Don Henderson
Game Notes
No Game Note
Finance
Level 1 -- Attendance: 1618 (80,90%) -- Ticket Income 40 450 $
Level 2 -- Attendance: 733 (73,30%) -- Ticket Income 10 995 $
Total Attendance: 2351 (78,37%)
Total Ticket Income: 51 445 $
Other Income: 2 572 $
Total Income: 54 017 $
Monarchs
5 vs 5 Forward
Center Left Wing Right Wing Time % Phy DF OF
1 Brandon Sutter Kyle Clifford Justin Williams 35 1 1 3
2 Randy Robitaille Matt Martin Zack Kassian 30 1 2 2
3 Tyler Toffoli Chris Dingman Jay Beagle 25 1 2 2
4 Zac Rinaldo Mason Raymond John Zeiler 10 2 2 1
5 vs 5 Defense
Defense Defense Time % Phy DF OF
1 Tom Gilbert Radko Gudas 40 1 2 2
2 Alec Martinez Theo Peckham 30 1 2 2
3 Kris Russell Yannick Weber 20 1 2 2
4 Matt Tennyson Andy Greene 10 1 2 2
PowerPlay Forward
Center Left Wing Right Wing Time % Phy DF OF
1 Brandon Sutter Chris Dingman Justin Williams 60 1 2 2
2 Randy Robitaille Mason Raymond John Zeiler 40 1 2 2
PowerPlay Defense
Defense Defense Time % Phy DF OF
1 Tom Gilbert Radko Gudas 60 1 2 2
2 Andy Greene Yannick Weber 40 1 2 2
Penalty Kill 4 Players Forward
Center Wing Time % Phy DF OF
1 Justin Williams Chris Dingman 60 1 2 2
2 Mason Raymond Brandon Sutter 40 1 2 2
Penalty Kill 4 Players Defense
Defense Defense Time % Phy DF OF
1 Alec Martinez Theo Peckham 60 1 2 2
2 Tom Gilbert Radko Gudas 40 1 2 2
Penalty Kill - 3 Players Forward
Forward Time % Phy DF OF
1 Justin Williams 60 1 2 2
2 Chris Dingman 40 1 2 2
Penalty Kill - 3 Players Defense
Defense Defense Time % Phy DF OF
1 Tom Gilbert Theo Peckham 60 1 2 2
2 Alec Martinez Radko Gudas 40 1 2 2
4 vs 4 Forward
Center Wing Time % Phy DF OF
1 Justin Williams Chris Dingman 60 1 2 2
2 Mason Raymond Brandon Sutter 40 1 2 2
4 vs 4 Defense
Defense Defense Time % Phy DF OF
1 Tom Gilbert Theo Peckham 60 1 2 2
2 Alec Martinez Radko Gudas 40 1 2 2
Last Minutes Offensive
Center Left Wing Right Wing Defense Defense
Brandon Sutter Chris Dingman Justin Williams Tom Gilbert Theo Peckham
Last Minutes Defensive
Center Left Wing Right Wing Defense Defense
Brandon Sutter Chris Dingman Justin Williams Tom Gilbert Theo Peckham
Goaltenders
Starting : Ben Bishop
Backup : Jhonas Enroth
Extra Forwards
Normal : Matt Martin, Zack Kassian, Jay Beagle - PP : Matt Martin, Zack Kassian - PK : Jay Beagle
Extra Defensemen
Normal : Andy Greene, Yannick Weber, Matt Tennyson - PP : Kris Russell - PK : Yannick Weber, Matt Tennyson
Penalty Shots
Justin Williams, Chris Dingman, Mason Raymond, Brandon Sutter, Randy Robitaille
Remparts
5 vs 5 Forward
Center Left Wing Right Wing Time % Phy DF OF
1 Jonathan Matsumoto Pasi Salonen Guillaume Desbiens 40 0 2 3
2 Cédric Lalonde-McNicoll Rico Fata Petr Straka 30 0 2 3
3 Jarod Palmer Johannes Salmonsson Chris Mueller 20 0 3 2
4 Max Reinhart Geordie Wudrick Jonathan Cheechoo 10 1 2 2
5 vs 5 Defense
Defense Defense Time % Phy DF OF
1 Oliver Ekman-Larsson Erik Gudbranson 40 0 2 3
2 Keith Ballard Janne Niskala 30 0 2 3
3 William Colbert Brandon Gormley 20 0 3 2
4 Oliver Ekman-Larsson Erik Gudbranson 10 0 2 3
PowerPlay Forward
Center Left Wing Right Wing Time % Phy DF OF
1 Jonathan Matsumoto Pasi Salonen Guillaume Desbiens 60 0 1 4
2 Cédric Lalonde-McNicoll Rico Fata Petr Straka 40 0 1 4
PowerPlay Defense
Defense Defense Time % Phy DF OF
1 Oliver Ekman-Larsson Erik Gudbranson 60 0 2 3
2 Keith Ballard Janne Niskala 40 0 2 3
Penalty Kill 4 Players Forward
Center Wing Time % Phy DF OF
1 Jarod Palmer Johannes Salmonsson 60 1 4 0
2 Chris Mueller Petr Straka 40 1 4 0
Penalty Kill 4 Players Defense
Defense Defense Time % Phy DF OF
1 Oliver Ekman-Larsson Keith Ballard 60 1 4 0
2 William Colbert Erik Gudbranson 40 1 4 0
Penalty Kill - 3 Players Forward
Forward Time % Phy DF OF
1 Johannes Salmonsson 60 1 4 0
2 Chris Mueller 40 1 4 0
Penalty Kill - 3 Players Defense
Defense Defense Time % Phy DF OF
1 Keith Ballard Oliver Ekman-Larsson 60 1 4 0
2 William Colbert Erik Gudbranson 40 1 4 0
4 vs 4 Forward
Center Wing Time % Phy DF OF
1 Jonathan Matsumoto Guillaume Desbiens 60 0 2 3
2 Cédric Lalonde-McNicoll Petr Straka 40 0 2 3
4 vs 4 Defense
Defense Defense Time % Phy DF OF
1 Oliver Ekman-Larsson Erik Gudbranson 60 0 2 3
2 Keith Ballard Janne Niskala 40 1 2 2
Last Minutes Offensive
Center Left Wing Right Wing Defense Defense
Jonathan Matsumoto Pasi Salonen Guillaume Desbiens Oliver Ekman-Larsson Erik Gudbranson
Last Minutes Defensive
Center Left Wing Right Wing Defense Defense
Chris Mueller Johannes Salmonsson Guillaume Desbiens Oliver Ekman-Larsson Keith Ballard
Goaltenders
Starting : Keith Kinkaid
Backup : Petr Mrazek
Extra Forwards
Normal : Petr Straka, Max Reinhart, Jonathan Matsumoto - PP : Guillaume Desbiens, Johannes Salmonsson - PK : Chris Mueller
Extra Defensemen
Normal : Brandon Gormley, Oliver Ekman-Larsson, Erik Gudbranson - PP : Janne Niskala - PK : Erik Gudbranson, Oliver Ekman-Larsson
Penalty Shots
Pasi Salonen, Jonathan Matsumoto, Jonathan Cheechoo, Petr Straka, Rico Fata
% Time on Ice - Monarchs
Lines # - Real PCT - Wanted PCT - Time Play
Normal Forward
1 - 33% - 35% - 14:56
2 - 31% - 30% - 13:55
3 - 22% - 25% - 9:55
4 - 15% - 10% - 6:47
Normal Defense
1 - 39% - 40% - 17:53
2 - 32% - 30% - 14:41
3 - 18% - 20% - 8:08
4 - 11% - 10% - 4:51
PP Forward
1 - 55% - 60% - 1:05
2 - 45% - 40% - 0:54
PP Defense
1 - 55% - 60% - 1:05
2 - 45% - 40% - 0:54
PK Forward
1 - 74% - 60% - 9:16
2 - 26% - 40% - 3:12
PK Defense
1 - 55% - 60% - 6:52
2 - 45% - 40% - 5:36
PK3 Forward
1 - 0% - 60%
2 - 0% - 40%
PK3 Defense
1 - 0% - 60%
2 - 0% - 40%
44 Forward
1 - 100% - 60% - 0:57
2 - 0% - 40% - 0:00
44 Defense
1 - 100% - 60% - 0:57
2 - 0% - 40% - 0:00
Last Minute Offensive - 0:00
Last Minute Defensive - 0:00
Total
Forward - 60:57
Defense - 60:57
|
% Time on Ice - Remparts
Lines # - Real PCT - Wanted PCT - Time Play
Normal Forward
1 - 38% - 40% - 17:06
2 - 26% - 30% - 11:43
3 - 20% - 20% - 9:02
4 - 17% - 10% - 7:42
Normal Defense
1 - 38% - 40% - 17:13
2 - 34% - 30% - 15:33
3 - 24% - 20% - 11:07
4 - 4% - 10% - 1:40
PP Forward
1 - 60% - 60% - 7:27
2 - 40% - 40% - 5:01
PP Defense
1 - 56% - 60% - 6:56
2 - 44% - 40% - 5:32
PK Forward
1 - 76% - 60% - 1:30
2 - 24% - 40% - 0:29
PK Defense
1 - 61% - 60% - 1:13
2 - 39% - 40% - 0:46
PK3 Forward
1 - 0% - 60%
2 - 0% - 40%
PK3 Defense
1 - 0% - 60%
2 - 0% - 40%
44 Forward
1 - 100% - 60% - 0:57
2 - 0% - 40% - 0:00
44 Defense
1 - 100% - 60% - 0:57
2 - 0% - 40% - 0:00
Last Minute Offensive - 0:00
Last Minute Defensive - 0:00
Total
Forward - 60:57
Defense - 60:57
|
Play by Play
1st period
0:01 of 1st period - Jonathan Matsumoto wins face-off versus Brandon Sutter in neutral zone.
0:14 of 1st period - Wrist shot by Pasi Salonen.
0:14 of 1st period - Stopped by Ben Bishop with a rebound.
2:08 of 1st period - Johannes Salmonsson is hit by Chris Dingman and loses puck.
3:52 of 1st period - Slapshot by Guillaume Desbiens.
3:52 of 1st period - Stopped by Ben Bishop without a rebound.
3:53 of 1st period - Randy Robitaille wins face-off versus Jonathan Matsumoto in Monarchs zone.
4:29 of 1st period - Snap shot by Chris Dingman.
4:29 of 1st period - Shot Misses the Net.
4:47 of 1st period - Wrist shot by Mason Raymond.
4:47 of 1st period - Shot Blocked by Brandon Gormley.
4:51 of 1st period - Backhand shot by Mason Raymond.
4:51 of 1st period - Shot Misses the Net.
5:00 of 1st period - Off-side.
5:01 of 1st period - Jonathan Matsumoto wins face-off versus Brandon Sutter in neutral zone.
5:04 of 1st period - Slapshot by Pasi Salonen.
5:04 of 1st period - Shot Misses the Net.
5:12 of 1st period - Wrist shot by Pasi Salonen.
5:12 of 1st period - Stopped by Ben Bishop without a rebound.
5:13 of 1st period - Randy Robitaille wins face-off versus Jonathan Matsumoto in Monarchs zone.
5:20 of 1st period - Snap shot by Randy Robitaille.
5:20 of 1st period - Shot Hit the Post.
5:22 of 1st period - Slapshot by Alec Martinez.
5:22 of 1st period - Shot Misses the Net.
5:24 of 1st period - Snap shot by Alec Martinez.
5:24 of 1st period - Shot Blocked by Janne Niskala.
5:26 of 1st period - Wrist shot by Randy Robitaille.
5:26 of 1st period - Shot Misses the Net.
5:28 of 1st period - Wrist shot by Theo Peckham.
5:28 of 1st period - Stopped by Keith Kinkaid with a rebound.
5:40 of 1st period - Icing by Pasi Salonen.
5:41 of 1st period - Pasi Salonen wins face-off versus Tyler Toffoli in Remparts zone.
5:41 of 1st period - Pasi Salonen is hit by Radko Gudas.
5:49 of 1st period - Jay Beagle is hit by Guillaume Desbiens and loses puck.
6:40 of 1st period - Geordie Wudrick is hit by Matt Martin and loses puck.
7:00 of 1st period - Slapshot by Janne Niskala.
7:00 of 1st period - Stopped by Ben Bishop with a rebound.
7:02 of 1st period - Wrist shot by Max Reinhart.
7:02 of 1st period - Stopped by Ben Bishop with a rebound.
7:12 of 1st period - Wrist shot by Jonathan Cheechoo.
7:12 of 1st period - Stopped by Ben Bishop with a rebound.
7:14 of 1st period - Wrist shot by Keith Ballard.
7:14 of 1st period - Shot Misses the Net.
7:16 of 1st period - Slapshot by Janne Niskala.
7:16 of 1st period - Shot Blocked by Randy Robitaille.
8:06 of 1st period - Slapshot by Janne Niskala.
8:06 of 1st period - Deflect By Theo Peckham.
8:06 of 1st period - Stopped by Ben Bishop without a rebound.
8:07 of 1st period - Brandon Sutter wins face-off versus Rico Fata in Monarchs zone.
8:16 of 1st period - Snap shot by Justin Williams.
8:16 of 1st period - Shot Blocked by Oliver Ekman-Larsson.
8:32 of 1st period - Radko Gudas is hit by Oliver Ekman-Larsson and loses puck.
9:46 of 1st period - Off-side.
9:47 of 1st period - Jarod Palmer wins face-off versus Zac Rinaldo in neutral zone.
10:00 of 1st period - Wrist shot by Mason Raymond.
10:00 of 1st period - Shot Misses the Net.
10:21 of 1st period - Icing by Tom Gilbert.
10:22 of 1st period - Jonathan Matsumoto wins face-off versus Tyler Toffoli in Monarchs zone.
10:41 of 1st period - Snap shot by Tyler Toffoli.
10:41 of 1st period - Shot Blocked by Rico Fata.
10:43 of 1st period - Snap shot by Chris Dingman.
10:43 of 1st period - Stopped by Keith Kinkaid without a rebound.
10:44 of 1st period - Brandon Sutter wins face-off versus Cédric Lalonde-McNicoll in Remparts zone.
10:57 of 1st period - Snap shot by Justin Williams.
10:57 of 1st period - Shot Misses the Net.
10:59 of 1st period - Slapshot by Tom Gilbert.
10:59 of 1st period - Shot Misses the Net.
11:09 of 1st period - Pasi Salonen is hit by Matt Martin and loses puck.
11:28 of 1st period - Wrist shot by Johannes Salmonsson.
11:28 of 1st period - Stopped by Ben Bishop without a rebound.
11:29 of 1st period - Tyler Toffoli wins face-off versus Jarod Palmer in Monarchs zone.
12:03 of 1st period - Snap shot by Jonathan Matsumoto.
12:03 of 1st period - Stopped by Ben Bishop without a rebound.
12:04 of 1st period - Cédric Lalonde-McNicoll wins face-off versus Randy Robitaille in Monarchs zone.
12:31 of 1st period - Justin Williams is hit by Pasi Salonen and loses puck.
12:56 of 1st period - Chris Dingman is hit by Johannes Salmonsson and loses puck.
13:43 of 1st period - Snap shot by Tom Gilbert.
13:43 of 1st period - Shot Misses the Net.
14:27 of 1st period - Wrist shot by Jarod Palmer.
14:27 of 1st period - Stopped by Ben Bishop with a rebound.
14:45 of 1st period - Snap shot by Mason Raymond.
14:45 of 1st period - Stopped by Keith Kinkaid without a rebound.
14:46 of 1st period - Jonathan Matsumoto wins face-off versus Brandon Sutter in Remparts zone.
14:57 of 1st period - Wrist shot by Pasi Salonen.
14:57 of 1st period - Shot Blocked by Theo Peckham.
15:13 of 1st period - William Colbert is hit by Zack Kassian and loses puck.
15:18 of 1st period - Snap shot by Randy Robitaille.
15:18 of 1st period - Shot Misses the Net.
15:20 of 1st period - Wrist shot by Zack Kassian.
15:20 of 1st period - Shot Blocked by William Colbert.
15:22 of 1st period - Snap shot by Matt Martin.
15:22 of 1st period - Deflect By Randy Robitaille.
15:22 of 1st period - Shot Misses the Net.
15:22 of 1st period - Puck is out of play.
15:23 of 1st period - Jonathan Matsumoto wins face-off versus Jay Beagle in Remparts zone.
15:23 of 1st period - Jonathan Matsumoto is hit by Jay Beagle.
15:41 of 1st period - Jay Beagle is hit by Pasi Salonen and loses puck.
16:32 of 1st period - Max Reinhart is hit by Mason Raymond and loses puck.
16:39 of 1st period - Snap shot by John Zeiler.
16:39 of 1st period - Shot Blocked by Janne Niskala.
17:56 of 1st period - Slapshot by Jonathan Cheechoo.
17:56 of 1st period - Stopped by Ben Bishop with a rebound.
18:02 of 1st period - Matt Tennyson is hit by Jonathan Cheechoo and loses puck.
18:27 of 1st period - Jay Beagle is hit by Jonathan Matsumoto and loses puck.
19:27 of 1st period - Andy Greene is hit by Oliver Ekman-Larsson and loses puck.
19:40 of 1st period - Andy Greene is hit by Guillaume Desbiens and loses puck.
19:49 of 1st period - Snap shot by Pasi Salonen.
19:49 of 1st period - Stopped by Ben Bishop with a rebound.
Goals for this period are 0 for Monarchs vs 0 for Remparts.
Shots for this period are 3 for Monarchs vs 12 for Remparts.
2nd period
0:01 of 2nd period - Jonathan Matsumoto wins face-off versus Kyle Clifford in neutral zone.
0:28 of 2nd period - Wrist shot by Jonathan Matsumoto.
0:28 of 2nd period - Stopped by Ben Bishop with a rebound.
0:30 of 2nd period - Snap shot by Rico Fata.
0:30 of 2nd period - Shot Blocked by Tom Gilbert.
0:32 of 2nd period - Backhand shot by Oliver Ekman-Larsson.
0:32 of 2nd period - Stopped by Ben Bishop without a rebound.
0:33 of 2nd period - Zack Kassian wins face-off versus Cédric Lalonde-McNicoll in Monarchs zone.
0:44 of 2nd period - Snap shot by Zack Kassian.
0:44 of 2nd period - Shot Misses the Net.
0:46 of 2nd period - Snap shot by Zack Kassian.
0:46 of 2nd period - Shot Blocked by Keith Ballard.
1:21 of 2nd period - Jay Beagle is hit by Oliver Ekman-Larsson and loses puck.
1:26 of 2nd period - Slapshot by William Colbert.
1:26 of 2nd period - Stopped by Ben Bishop without a rebound.
1:27 of 2nd period - Brandon Sutter wins face-off versus Cédric Lalonde-McNicoll in Monarchs zone.
1:52 of 2nd period - Brandon Gormley is hit by Radko Gudas and loses puck.
2:01 of 2nd period - Snap shot by Randy Robitaille.
2:01 of 2nd period - Deflect By Zack Kassian.
2:01 of 2nd period - Shot Blocked by William Colbert.
2:01 of 2nd period - Puck is out of play.
2:02 of 2nd period - Randy Robitaille wins face-off versus Cédric Lalonde-McNicoll in Remparts zone.
2:13 of 2nd period - Wrist shot by Cédric Lalonde-McNicoll.
2:13 of 2nd period - Shot Misses the Net.
2:15 of 2nd period - Snap shot by Cédric Lalonde-McNicoll.
2:15 of 2nd period - Shot Misses the Net.
2:17 of 2nd period - Slapshot by Erik Gudbranson.
2:17 of 2nd period - Shot Blocked by Zack Kassian.
2:49 of 2nd period - Snap shot by Johannes Salmonsson.
2:49 of 2nd period - Shot Misses the Net.
2:51 of 2nd period - Snap shot by Janne Niskala.
2:51 of 2nd period - Stopped by Ben Bishop with a rebound.
2:53 of 2nd period - Snap shot by Johannes Salmonsson.
2:53 of 2nd period - Stopped by Ben Bishop with a rebound.
2:55 of 2nd period - Snap shot by Johannes Salmonsson.
2:55 of 2nd period - Shot Misses the Net.
3:07 of 2nd period - Snap shot by Mason Raymond.
3:07 of 2nd period - Stopped by Keith Kinkaid with a rebound.
3:51 of 2nd period - Pasi Salonen is hit by Kyle Clifford and loses puck.
3:56 of 2nd period - Snap shot by Justin Williams.
3:56 of 2nd period - Deflect By Kyle Clifford.
3:56 of 2nd period - Shot Blocked by William Colbert.
3:56 of 2nd period - Puck is out of play.
3:57 of 2nd period - Brandon Sutter wins face-off versus Cédric Lalonde-McNicoll in Remparts zone.
3:58 of 2nd period - Snap shot by Justin Williams.
3:58 of 2nd period - Deflect By Brandon Sutter.
3:58 of 2nd period - Shot Blocked by Oliver Ekman-Larsson.
3:58 of 2nd period - Puck is out of play.
3:59 of 2nd period - Brandon Sutter wins face-off versus Cédric Lalonde-McNicoll in Remparts zone.
4:45 of 2nd period - Snap shot by Brandon Sutter.
4:45 of 2nd period - Stopped by Keith Kinkaid without a rebound.
4:46 of 2nd period - Jonathan Matsumoto wins face-off versus Randy Robitaille in Remparts zone.
5:22 of 2nd period - Wrist shot by Jay Beagle.
5:22 of 2nd period - Stopped by Keith Kinkaid without a rebound.
5:23 of 2nd period - Jonathan Matsumoto wins face-off versus Randy Robitaille in Remparts zone.
5:23 of 2nd period - Jonathan Matsumoto is hit by Matt Martin.
5:37 of 2nd period - Backhand shot by Pasi Salonen.
5:37 of 2nd period - Stopped by Ben Bishop without a rebound.
5:38 of 2nd period - Cédric Lalonde-McNicoll wins face-off versus Brandon Sutter in Monarchs zone.
6:20 of 2nd period - Wrist shot by Justin Williams.
6:20 of 2nd period - Shot Misses the Net.
6:22 of 2nd period - Snap shot by Tom Gilbert.
6:22 of 2nd period - Shot Blocked by Johannes Salmonsson.
6:33 of 2nd period - Minor Penalty to Justin Williams for Diving.
6:34 of 2nd period - Jay Beagle wins face-off versus Pasi Salonen in Monarchs zone.
6:42 of 2nd period - Wrist shot by Jay Beagle.
6:42 of 2nd period - Stopped by Keith Kinkaid with a rebound.
7:06 of 2nd period - Wrist shot by Cédric Lalonde-McNicoll.
7:06 of 2nd period - Goal by Cédric Lalonde-McNicoll - Monarchs : 0 - Remparts : 1.
7:07 of 2nd period - Brandon Sutter wins face-off versus Jonathan Matsumoto in neutral zone.
7:10 of 2nd period - Oliver Ekman-Larsson is hit by Theo Peckham and loses puck.
7:17 of 2nd period - Backhand shot by Justin Williams.
7:17 of 2nd period - Goal by Justin Williams - Monarchs : 1 - Remparts : 1.
7:18 of 2nd period - Jonathan Matsumoto wins face-off versus Brandon Sutter in neutral zone.
7:43 of 2nd period - Alec Martinez is hit by Erik Gudbranson and loses puck.
9:19 of 2nd period - Minor Penalty to Radko Gudas for Hooking.
9:20 of 2nd period - Jonathan Matsumoto wins face-off versus Justin Williams in Monarchs zone.
9:29 of 2nd period - Wrist shot by Guillaume Desbiens.
9:29 of 2nd period - Stopped by Ben Bishop with a rebound.
9:31 of 2nd period - Slapshot by Jonathan Matsumoto.
9:31 of 2nd period - Shot Misses the Net.
10:34 of 2nd period - Kyle Clifford is hit by Pasi Salonen and loses puck.
11:19 of 2nd period - Penalty to Radko Gudas is over, Radko Gudas is back on ice.
11:23 of 2nd period - Snap shot by Kyle Clifford.
11:23 of 2nd period - Shot Misses the Net.
12:53 of 2nd period - Slapshot by Theo Peckham.
12:53 of 2nd period - Stopped by Keith Kinkaid with a rebound.
12:55 of 2nd period - Slapshot by Theo Peckham.
12:55 of 2nd period - Shot Blocked by William Colbert.
12:57 of 2nd period - Wrist shot by John Zeiler.
12:57 of 2nd period - Goal by John Zeiler - Monarchs : 2 - Remparts : 1.
12:58 of 2nd period - Randy Robitaille wins face-off versus Jonathan Matsumoto in neutral zone.
13:51 of 2nd period - Backhand shot by Zack Kassian.
13:51 of 2nd period - Shot Blocked by Erik Gudbranson.
14:06 of 2nd period - Snap shot by Randy Robitaille.
14:06 of 2nd period - Stopped by Keith Kinkaid with a rebound.
14:39 of 2nd period - Wrist shot by Jonathan Matsumoto.
14:39 of 2nd period - Stopped by Ben Bishop without a rebound.
14:40 of 2nd period - Cédric Lalonde-McNicoll wins face-off versus Brandon Sutter in Monarchs zone.
14:45 of 2nd period - Slapshot by Rico Fata.
14:45 of 2nd period - Shot Blocked by Justin Williams.
14:47 of 2nd period - Snap shot by Cédric Lalonde-McNicoll.
14:47 of 2nd period - Stopped by Ben Bishop without a rebound.
14:48 of 2nd period - Cédric Lalonde-McNicoll wins face-off versus Brandon Sutter in Monarchs zone.
14:55 of 2nd period - Snap shot by Keith Ballard.
14:55 of 2nd period - Stopped by Ben Bishop with a rebound.
14:57 of 2nd period - Slapshot by Janne Niskala.
14:57 of 2nd period - Stopped by Ben Bishop without a rebound.
14:58 of 2nd period - Cédric Lalonde-McNicoll wins face-off versus Brandon Sutter in Monarchs zone.
15:06 of 2nd period - Minor Penalty to Rico Fata for Holding Stick.
15:07 of 2nd period - Brandon Sutter wins face-off versus Jarod Palmer in Remparts zone.
15:09 of 2nd period - Snap shot by Chris Dingman.
15:09 of 2nd period - Deflect By Brandon Sutter.
15:09 of 2nd period - Stopped by Keith Kinkaid without a rebound.
15:10 of 2nd period - Jarod Palmer wins face-off versus Brandon Sutter in Remparts zone.
15:16 of 2nd period - Icing by Radko Gudas.
15:17 of 2nd period - Brandon Sutter wins face-off versus Jarod Palmer in Monarchs zone.
15:17 of 2nd period - Brandon Sutter is hit by Keith Ballard.
15:42 of 2nd period - Icing by Tom Gilbert.
15:43 of 2nd period - Jarod Palmer wins face-off versus Brandon Sutter in Monarchs zone.
16:08 of 2nd period - Wrist shot by Chris Dingman.
16:08 of 2nd period - Stopped by Keith Kinkaid without a rebound.
16:09 of 2nd period - Chris Mueller wins face-off versus Randy Robitaille in Remparts zone.
16:18 of 2nd period - Jarod Palmer is hit by Yannick Weber and loses puck.
16:33 of 2nd period - John Zeiler is hit by Oliver Ekman-Larsson and loses puck.
17:00 of 2nd period - Wrist shot by Randy Robitaille.
17:00 of 2nd period - Shot Blocked by Erik Gudbranson.
17:02 of 2nd period - Wrist shot by John Zeiler.
17:02 of 2nd period - Deflect By Randy Robitaille.
17:02 of 2nd period - Shot Misses the Net.
17:02 of 2nd period - Puck is out of play.
17:03 of 2nd period - Jarod Palmer wins face-off versus Brandon Sutter in Remparts zone.
17:06 of 2nd period - Penalty to Rico Fata is over, Rico Fata is back on ice.
17:30 of 2nd period - Slapshot by Rico Fata.
17:30 of 2nd period - Shot Blocked by Radko Gudas.
17:32 of 2nd period - Slapshot by Rico Fata.
17:32 of 2nd period - Shot Blocked by Justin Williams.
17:34 of 2nd period - Snap shot by Johannes Salmonsson.
17:34 of 2nd period - Shot Misses the Net.
17:36 of 2nd period - Snap shot by Rico Fata.
17:36 of 2nd period - Stopped by Ben Bishop without a rebound.
17:37 of 2nd period - Randy Robitaille wins face-off versus Jonathan Matsumoto in Monarchs zone.
18:09 of 2nd period - Snap shot by Alec Martinez.
18:09 of 2nd period - Shot Blocked by Jonathan Cheechoo.
18:11 of 2nd period - Slapshot by Alec Martinez.
18:11 of 2nd period - Shot Blocked by Janne Niskala.
18:31 of 2nd period - Wrist shot by Cédric Lalonde-McNicoll.
18:31 of 2nd period - Goal by Cédric Lalonde-McNicoll - Monarchs : 2 - Remparts : 2.
18:32 of 2nd period - Tyler Toffoli wins face-off versus Jonathan Matsumoto in neutral zone.
18:34 of 2nd period - Minor Penalty to Radko Gudas for Interference.
18:35 of 2nd period - Justin Williams wins face-off versus Jonathan Matsumoto in Monarchs zone.
18:49 of 2nd period - Backhand shot by Jonathan Matsumoto.
18:49 of 2nd period - Stopped by Ben Bishop without a rebound.
18:50 of 2nd period - Justin Williams wins face-off versus Guillaume Desbiens in Monarchs zone.
18:50 of 2nd period - Justin Williams is hit by Guillaume Desbiens.
19:20 of 2nd period - Cédric Lalonde-McNicoll is hit by Chris Dingman and loses puck.
Goals for this period are 2 for Monarchs vs 2 for Remparts.
Shots for this period are 10 for Monarchs vs 15 for Remparts.
3rd period
0:01 of 3rd period - Guillaume Desbiens wins face-off versus Justin Williams in neutral zone.
0:04 of 3rd period - Chris Dingman is hit by Jonathan Matsumoto and loses puck.
0:32 of 3rd period - Wrist shot by Cédric Lalonde-McNicoll.
0:32 of 3rd period - Shot Blocked by Theo Peckham.
0:34 of 3rd period - Penalty to Radko Gudas is over, Radko Gudas is back on ice.
1:13 of 3rd period - Tom Gilbert is hit by Jonathan Matsumoto and loses puck.
1:46 of 3rd period - Wrist shot by Jonathan Cheechoo.
1:46 of 3rd period - Stopped by Ben Bishop with a rebound.
1:58 of 3rd period - Tom Gilbert is hit by Petr Straka and loses puck.
2:05 of 3rd period - Snap shot by Cédric Lalonde-McNicoll.
2:05 of 3rd period - Shot Blocked by Tom Gilbert.
2:15 of 3rd period - Jonathan Matsumoto is hit by Kyle Clifford and loses puck.
2:49 of 3rd period - Off-side.
2:50 of 3rd period - Max Reinhart wins face-off versus Randy Robitaille in neutral zone.
2:53 of 3rd period - Slapshot by Jonathan Cheechoo.
2:53 of 3rd period - Shot Misses the Net.
3:03 of 3rd period - Snap shot by Jonathan Cheechoo.
3:03 of 3rd period - Stopped by Ben Bishop without a rebound.
3:04 of 3rd period - Brandon Sutter wins face-off versus Jonathan Matsumoto in Monarchs zone.
3:18 of 3rd period - Wrist shot by Kyle Clifford.
3:18 of 3rd period - Stopped by Keith Kinkaid without a rebound.
3:19 of 3rd period - Tyler Toffoli wins face-off versus Cédric Lalonde-McNicoll in Remparts zone.
3:20 of 3rd period - Snap shot by Chris Dingman.
3:20 of 3rd period - Stopped by Keith Kinkaid with a rebound.
3:22 of 3rd period - Slapshot by Alec Martinez.
3:22 of 3rd period - Stopped by Keith Kinkaid without a rebound.
3:23 of 3rd period - Cédric Lalonde-McNicoll wins face-off versus Tyler Toffoli in Remparts zone.
3:36 of 3rd period - Cédric Lalonde-McNicoll is hit by Alec Martinez and loses puck.
4:05 of 3rd period - Erik Gudbranson is hit by Brandon Sutter and loses puck.
5:10 of 3rd period - Snap shot by Rico Fata.
5:10 of 3rd period - Shot Misses the Net.
5:24 of 3rd period - Slapshot by Guillaume Desbiens.
5:24 of 3rd period - Stopped by Ben Bishop with a rebound.
5:28 of 3rd period - Snap shot by Guillaume Desbiens.
5:28 of 3rd period - Shot Blocked by Kyle Clifford.
5:35 of 3rd period - Double Minor Penalty to Radko Gudas for Roughing.
5:36 of 3rd period - Jonathan Matsumoto wins face-off versus Justin Williams in Monarchs zone.
5:42 of 3rd period - Wrist shot by Guillaume Desbiens.
5:42 of 3rd period - Stopped by Ben Bishop without a rebound.
5:43 of 3rd period - Guillaume Desbiens wins face-off versus Chris Dingman in Monarchs zone.
6:08 of 3rd period - Slapshot by Rico Fata.
6:08 of 3rd period - Shot Blocked by Alec Martinez.
9:01 of 3rd period - Cédric Lalonde-McNicoll is hit by Brandon Sutter and loses puck.
9:35 of 3rd period - Penalty to Radko Gudas is over, Radko Gudas is back on ice.
9:43 of 3rd period - Wrist shot by Randy Robitaille.
9:43 of 3rd period - Stopped by Keith Kinkaid with a rebound.
9:45 of 3rd period - Snap shot by Theo Peckham.
9:45 of 3rd period - Stopped by Keith Kinkaid with a rebound.
9:47 of 3rd period - Wrist shot by Matt Martin.
9:47 of 3rd period - Shot Misses the Net.
9:49 of 3rd period - Snap shot by Alec Martinez.
9:49 of 3rd period - Stopped by Keith Kinkaid with a rebound.
9:51 of 3rd period - Slapshot by Theo Peckham.
9:51 of 3rd period - Stopped by Keith Kinkaid with a rebound.
10:02 of 3rd period - Off-side.
10:03 of 3rd period - Jarod Palmer wins face-off versus Zac Rinaldo in neutral zone.
11:48 of 3rd period - Wrist shot by Chris Dingman.
11:48 of 3rd period - Shot Blocked by Brandon Gormley.
11:59 of 3rd period - Wrist shot by Jonathan Cheechoo.
11:59 of 3rd period - Stopped by Ben Bishop with a rebound.
12:01 of 3rd period - Wrist shot by Max Reinhart.
12:01 of 3rd period - Stopped by Ben Bishop without a rebound.
12:02 of 3rd period - Randy Robitaille wins face-off versus Jonathan Matsumoto in Monarchs zone.
12:58 of 3rd period - Off-side.
12:59 of 3rd period - Tyler Toffoli wins face-off versus Guillaume Desbiens in neutral zone.
13:08 of 3rd period - Wrist shot by Jonathan Matsumoto.
13:08 of 3rd period - Shot Blocked by Jay Beagle.
13:10 of 3rd period - Slapshot by Oliver Ekman-Larsson.
13:10 of 3rd period - Stopped by Ben Bishop with a rebound.
13:12 of 3rd period - Wrist shot by Erik Gudbranson.
13:12 of 3rd period - Shot Blocked by Radko Gudas.
13:14 of 3rd period - Wrist shot by Jonathan Matsumoto.
13:14 of 3rd period - Shot Misses the Net.
13:20 of 3rd period - Minor Penalty to Radko Gudas for Roughing.
13:21 of 3rd period - Pasi Salonen wins face-off versus Justin Williams in Monarchs zone.
13:50 of 3rd period - Slapshot by Oliver Ekman-Larsson.
13:50 of 3rd period - Shot Misses the Net.
13:52 of 3rd period - Snap shot by Rico Fata.
13:52 of 3rd period - Stopped by Ben Bishop without a rebound.
13:53 of 3rd period - Jonathan Matsumoto wins face-off versus Mason Raymond in Monarchs zone.
14:03 of 3rd period - Guillaume Desbiens is hit by Mason Raymond and loses puck.
15:18 of 3rd period - Pasi Salonen is hit by Matt Tennyson and loses puck.
15:20 of 3rd period - Penalty to Radko Gudas is over, Radko Gudas is back on ice.
15:24 of 3rd period - Icing by Keith Ballard.
15:25 of 3rd period - Jonathan Matsumoto wins face-off versus Randy Robitaille in Remparts zone.
15:40 of 3rd period - Slapshot by Theo Peckham.
15:40 of 3rd period - Stopped by Keith Kinkaid with a rebound.
16:03 of 3rd period - Off-side.
16:04 of 3rd period - Jarod Palmer wins face-off versus Tyler Toffoli in neutral zone.
16:14 of 3rd period - Minor Penalty to Tyler Toffoli for Hooking.
16:15 of 3rd period - Justin Williams wins face-off versus Cédric Lalonde-McNicoll in Monarchs zone.
17:37 of 3rd period - Theo Peckham is hit by Petr Straka and loses puck.
17:48 of 3rd period - Kyle Clifford is hit by Oliver Ekman-Larsson and loses puck.
18:14 of 3rd period - Penalty to Tyler Toffoli is over, Tyler Toffoli is back on ice.
19:10 of 3rd period - Kris Russell is hit by Guillaume Desbiens and loses puck.
Goals for this period are 0 for Monarchs vs 0 for Remparts.
Shots for this period are 8 for Monarchs vs 8 for Remparts.
Overtime #1
0:01 of 1st overtime period - Jonathan Matsumoto wins face-off versus Justin Williams in neutral zone.
0:25 of 1st overtime period - Icing by Erik Gudbranson.
0:26 of 1st overtime period - Justin Williams wins face-off versus Jonathan Matsumoto in Remparts zone.
0:27 of 1st overtime period - Snap shot by Chris Dingman.
0:27 of 1st overtime period - Shot Misses the Net.
0:53 of 1st overtime period - Snap shot by Guillaume Desbiens.
0:53 of 1st overtime period - Stopped by Ben Bishop with a rebound.
0:55 of 1st overtime period - Snap shot by Guillaume Desbiens.
0:55 of 1st overtime period - Shot Blocked by Theo Peckham.
0:57 of 1st overtime period - Snap shot by Guillaume Desbiens.
0:57 of 1st overtime period - Goal by Guillaume Desbiens - Monarchs : 2 - Remparts : 3.
Goals for this period are 0 for Monarchs vs 1 for Remparts.
Shots for this period are 0 for Monarchs vs 2 for Remparts.
Back to the Top